 Dungeon Crawl Stone Soup version 0.17.1-3-g152610e (webtiles) character file.

35 Jerry the Insei (level 3, 0/23 HPs)
             Began as an Octopode Transmuter on Mar 13, 2016.
             Slain by an adder (5 damage)
             ... on level 2 of the Dungeon.
             The game lasted 00:05:11 (1078 turns).

Jerry the Insei (Octopode Transmuter)               Turns: 1078, Time: 00:05:11

Health: 0/23       AC:  1    Str:  9    XL:     3   Next: 33%
Magic:  5/6        EV: 12    Int: 15    God:
Gold:   69         SH:  0    Dex: 13    Spells: 1 memorised, 5 levels left

rFire  . . .     SeeInvis .       - Unarmed
rCold  . . .     Clarity  .     (no shield)
rNeg   . . .     SustAt   .     (helmet restricted)
rPois  .         Gourm    .     (no amulet)
rElec  .         Spirit   .     d - ring of invisibility
rCorr  .         Warding  .     (no ring)
rMut   .         Stasis   .     (no ring)
MR     .....                    (no ring)
Stlth  +++.......               (no ring)
                                (no ring)
                                (no ring)
                                (no ring)

@: lethally poisoned (0 -> -8), appendage, not resistant to hostile
enchantments, fairly stealthy
A: almost no armour, amphibious, 8 rings, constrict 8, tentacle spike 3,
camouflage 1, gelatinous body 1
a: End Transformation, Evoke Invisibility


You were on level 2 of the Dungeon.
You were hungry.
One of your tentacles had a temporary spike.
You visited 1 branch of the dungeon, and saw 2 of its levels.

You collected 69 gold pieces.

Inventory:

Missiles
 a - 12 arrows
 n - 12 arrows of frost
Jewellery
 d - a ring of invisibility (left tentacle)
Scrolls
 e - a scroll of remove curse
 f - 3 scrolls of identify
 g - a scroll of recharging
 h - a scroll of noise {unknown}
 i - 2 scrolls of teleportation
 j - a scroll of enchant weapon {unknown}
 m - a scroll of amnesia {unknown}
Potions
 k - 3 potions of might
 l - a potion of resistance {unknown}
Books
 b - a book of Changes

   Spells                             Type                      Level
   a - Beastly Appendage              Transmutation                1
   b - Sticks to Snakes               Transmutation                2
   c - Spider Form                    Transmutation/Poison         3
   d - Ice Form                       Ice/Transmutation            4
   e - Blade Hands                    Transmutation                5
Comestibles
 c - 2 bread rations


   Skills:
 - Level 1.0 Fighting
 - Level 2.2 Dodging
 - Level 2.0 Stealth
 - Level 3.2 Unarmed Combat
 - Level 2.0 Spellcasting
 - Level 2.5 Transmutations
 + Level 0.9 Evocations


You had 5 spell levels left.
You knew the following spells:

 Your Spells              Type           Power        Failure   Level  Hunger
a - Beastly Appendage     Trmt           #.....       10%         1    #......


Dungeon Overview and Level Annotations

Branches:
Dungeon (2/15)

Altars:
Vehumet


Innate Abilities, Weirdness & Mutations

You cannot wear most types of armour.
You are amphibious.
You can wear up to eight rings at the same time.
You can use your tentacles to constrict eight enemies at once.
Your skin changes colour to match your surroundings (Stealth).
Your rubbery body absorbs attacks (AC +1).
One of your tentacles bears a large vicious spike.


Message History

Your tentacle spike misses the adder.
You feel sick. The adder bites you.
You are more poisoned.
The adder poisons you!
You tentacle-slap the adder. You grab the adder.
You pierce the adder.
The adder is moderately wounded.
You constrict the adder.
You are feeling hungry.
You feel sick. The adder bites you. The adder bites you.
You tentacle-slap the adder. Your squeeze misses the adder.
The adder is severely wounded.
You constrict the adder. The adder bites you.
* * * LOW HITPOINT WARNING * * *
You are too injured to fight recklessly!
You are too injured to fight recklessly!
You tentacle-slap the adder but do no damage.
The adder is severely wounded.
You constrict the adder.
* * * LOW HITPOINT WARNING * * *
You feel sick. The adder bites you.
You die...

.###.#
#............#
# ..##.#
#..).........#
. #.##.#
#............#
S# #.##.#
#######.#....#
?# #..#.#
#...#######.#
##.#.# ###.#
#.....####.
#)#.# #.#
#..........
##)#.#
#.###..........
##.#.#
#.@S..........#
##...#
######.......g#
.....#
#......$>#
##...#
###......#
.#.#.# ......#
###.># .....r#
..#### #######
..### .#._#


You could see an adder.

Vanquished Creatures
  An ooze (D:1)
  A ball python (D:1)
  7 hobgoblins
  8 kobolds
  A bat (D:1)
  A giant newt (D:2)
  5 goblins
  4 rats
28 creatures vanquished.

Notes
Turn   | Place    | Note
--------------------------------------------------------------
     0 | D:1      | Jerry the Octopode Transmuter began the quest for the Orb.
     0 | D:1      | Reached XP level 1. HP: 13/13 MP: 3/3
    57 | D:1      | Reached skill level 1 in Stealth
    61 | D:1      | Reached XP level 2. HP: 18/18 MP: 5/5
   555 | D:1      | Reached XP level 3. HP: 23/23 MP: 6/6
   998 | D:2      | Found a radiant altar of Vehumet.
  1078 | D:2      | Slain by an adder

Action                   || total
-------------------------++-------
Melee: Unarmed           ||    57
 Cast: Beastly Appendage ||     1
  Use: Scroll            ||     7
 Stab: Sleeping          ||    10
